 Dungeon Crawl Stone Soup version 0.30-a0-374-g95c0257040 (webtiles) character file.

Game seed: 10194202849113160486

11 Decritt the Magician (level 2, -8/33 HPs)
             Began as a Djinni Air Elementalist on Nov 26, 2022.
             Killed by divine providence
             ... invoked by an orc priest
              (10 damage)
             ... on level 2 of the Dungeon.
             The game lasted 00:01:16 (365 turns).

Decritt the Magician (Djinni Air Elementalist)       Turns: 365, Time: 00:01:16

Health: -8/33      AC: 21    Str:  7    XL:     2   Next: 35%
Gold:   28         EV:  2    Int: 16    God:
                   SH:  0    Dex: 13

rFire   . . .      SeeInvis .    (no weapon)
rCold   . . .      Faith    .    (no shield)
rNeg    . . .      Spirit   .    (body armour currently unavailable)
rPois   ∞          Reflect  .    (helmet currently unavailable)
rElec   .          Harm     .    (cloak currently unavailable)
rCorr   .          Rampage  .    (gloves currently unavailable)
Will    .....      NoTele   +    (boots unavailable)
Stlth   ++........               (no amulet)
HPRegen 0.25/turn                (no ring)
MPRegen 0.00/turn                (no ring)

@: brilliant, tree-form, weak-willed
A: stationary, stasis, torment immunity, boosted hp, sickness immunity, (fire
resistance 2), (cold vulnerability 1), float, innate caster, HP casting, extra
vitality 1
a: no special abilities


You were on level 2 of the Dungeon.
You were a tree.
You visited 1 branch of the dungeon, and saw 2 of its levels.

You collected 28 gold pieces.

Inventory:

Armour
 a - a +0 robe (melded)
Scrolls
 r - a scroll of identify
Potions
 d - 2 potions of brilliance
 e - 2 potions of flight


   Skills:
 + Level 1.1 Fighting
 - Level 2.1 Dodging
 - Level 1.5 Stealth
 + Level 2.6 Spellcasting


You couldn't memorise any spells.
You knew the following spells:

 Your Spells              Type           Power      Damage    Failure   Level
a - Shock                 Conj/Air       64%        1d7       6%          1
b - Static Discharge      Conj/Air       32%        2-4/arc   10%         2
c - Swiftness             Air            16%        N/A       19%         3
d - Airstrike             Air            8%         2d(2-18)  54%         4
Your spell library was empty.

Dungeon Overview and Level Annotations

Branches:
Dungeon (1/15)

Altars:


Innate Abilities, Weirdness & Mutations

You are a tree.
Your roots penetrate the ground, keeping you stationary.
You cannot be teleported.
You are immune to unholy pain and torment.
Your maximum health is greatly increased.
Your equipment is partially melded.
You are immune to sickness and miasma.
You are immune to poison.
((Your flesh is very heat resistant. (rF++)))
((You are vulnerable to cold. (rC-)))
You float through the air rather than walking.
You learn spells naturally, not from books.
Your magical power is your life essence.
You have superior vitality. (+4 MHP)


Message History

Confirm with . or Enter, or press ? or * to list all spells.
Aiming: Shock (safe; 6% risk of failure)
Press: ? - help, Shift-Dir - straight line You feel a surge of power!
That beam is likely to hit you.
Continue anyway?
Okay, then.
You see here 3 poisoned darts.
Casting: Shock (safe; 6% risk of failure)
Confirm with . or Enter, or press ? or * to list all spells.
Aiming: Shock (safe; 6% risk of failure)
Press: ? - help, Shift-Dir - straight line You feel a surge of power!
That beam is likely to hit you.
Continue anyway?
Okay, then.
The orc hits you with a +0 flail!
* * * LOW HITPOINT WARNING * * *
Casting: Shock (safe; 6% risk of failure)
Confirm with . or Enter, or press ? or * to list all spells.
You don't have enough health to cast this spell.
Casting: Shock (safe; 6% risk of failure)
Confirm with . or Enter, or press ? or * to list all spells.
You don't have enough health to cast this spell.
As you read the scroll of identify, it crumbles to dust.
e - 2 potions of flight
Okay, then.
It was a potion of lignification.
You turn into a tree.
Your +0 robe melds into your body.
Your roots penetrate the ground.
The orc barely misses you.
Casting: Shock (safe; 6% risk of failure)
Confirm with . or Enter, or press ? or * to list all spells.
Aiming: Shock (safe; 6% risk of failure)
Press: ? - help, Shift-Dir - straight line You feel a surge of power!
The zap hits the orc priest.
The orc priest is lightly wounded.
The zap hits the orc priest.
The orc priest is moderately wounded.
* * * LOW HITPOINT WARNING * * *
The orc priest invokes the aid of Beogh against you.
Beogh smites you!
You die...

### ..# #.# #
#######.#.###o.
#.......#......
##.##♣.#.)o.....
#....oo#.# #
#.##...).#
#....##### #####


You could see an orc priest and an orc.

Vanquished Creatures
  An orc (D:2)
  3 goblins (D:1)
  2 bats (D:1)
  A frilled lizard (D:1)
  A kobold (D:2)
  2 rats (D:1)
10 creatures vanquished.

Notes
Turn   | Place    | Note
-------+----------+-------------------------------------------
     0 | D:1      | Decritt the Djinni Air Elementalist began the quest for the
                  | Orb.
     0 | D:1      | Decritt set off with the following spells memorised: Shock,
                  | Static Discharge, Swiftness, Airstrike.
     0 | D:1      | Reached XP level 1. HP: 15/15 MP: 0/0
   183 | D:1      | Reached XP level 2. HP: 19/22 MP: 0/0
   297 | D:1      | Reached skill level 1 in Fighting
   341 | D:1      | You are sucked into a shaft and drop 1 floor!
   362 | D:2      | HP: 1/22 [orc/+0 flail (7)]
   365 | D:2      | Killed from afar by an orc priest

Illustrated notes

Levels and vault maps discovered:
D:1:      psy_arrival_dodecagon, layout_basic
D:2:      layout_basic, chequers_serial_rivers_small_3

Skill      XL: |  1  2 |
---------------+-------+-----
Fighting       | 1 |  1.1
Dodging        | |  2.1
Stealth        | |  1.5
Spellcasting   | |  2.6

Action                   || total
-------------------------++-------
Melee: Unarmed           ||     1
 Cast: Shock             ||    23
  Use: Scroll            ||     3
       Potion            ||     2
Armor: Robe              ||     2
Dodge: Dodged            ||     6

Table legend: (Time is in decaauts)
 A = Elapsed time spent in this place.
 B = Non-inter-level travel time spent in this place.
 C = Inter-level travel time spent in this place.
 D = Time resting spent in this place.
 E = Time spent auto-exploring this place.
 F = Levels seen in this place.
 G = Mean time per level.
                   A        B        C        D        E       F      G
               +--------+--------+--------+--------+--------+-----+--------+
         Total |    364 |    364 |      0 |      0 |    306 |   2 |  182.0 |
       Dungeon |    364 |    364 |      0 |      0 |    306 |   2 |  182.0 |
               +--------+--------+--------+--------+--------+-----+--------+

Top non-repeatable levels by time:
     D:1: 341 daAuts
     D:2: 23 daAuts
